WCHLSIM.com - West Coast Hockey League
html PUBLIC "-//W3C//DTD XHTML 1.0 Transitional//EN" "http://www.w3.org/TR/xhtml1/DTD/xhtml1-transitional.dtd"> WCHL - Game 388 - VICTORIA GLADIATORS vs WINNIPEG BEAVERS

VICTORIA GLADIATORS vs WINNIPEG BEAVERS

Created - 6 décembre 2022 at 07:43

Goals
1 2 3 T
VICTORIA GLADIATORS 2 1 0 3
WINNIPEG BEAVERS 0 0 1 1
Shots
1 2 3 T
VICTORIA GLADIATORS 4 8 6 18
WINNIPEG BEAVERS 11 6 10 27

1st period

1. VICTORIA GLADIATORS , Nils Hoglander 2 (Victor Rask 2, Kevin Rooney 2) at 3:46
2. VICTORIA GLADIATORS , Tyler Toffoli 4 (Johan Larsson 7, Colton Parayko 10) at 8:19

Penalties :
Adam Lowry (VIC) for Interference (Minor) at 14:24

2nd period

3. VICTORIA GLADIATORS , Johan Larsson 5 (Barclay Goodrow 5, Tyler Toffoli 10) at 13:12

Penalties :
Victor Hedman (WIN) for Cross-checking (Minor) at 7:29, Caleb Jones (WIN) for Charging (Minor) at 13:36, Justin Holl (VIC) for Interference (Minor) at 18:43

3rd period

4. WINNIPEG BEAVERS , Brad Marchand 13 (Alexander Radulov 5, Joe Pavelski 16) at 16:24

Penalties :
No Penalty

Goalie Stats

Charlie Lindgren (VIC), 26 saves from 27 shots - (0,963), W, 6-4-0, 60:00 minutes
Anton Forsberg (WIN), 15 saves from 18 shots - (0,833), L, 7-7-4, 60:00 minutes

Players Stats for VICTORIA GLADIATORS

Player Name              G  A  P  +/- PIM S  H  SB GA TA FO     MP     PP MP  PK MP  
------------------------------------------------------------------------------------
Adam Lowry               0  0  0   0  2   1  0  0  0  0  12/17   9:23   0:16   1:27 
Alex Newhook             0  0  0   0  0   0  0  0  0  0  0/0     9:01   1:20   0:00 
Anton Stralman           0  0  0   1  0   0  0  0  0  0  0/0    19:26   0:00   0:00 
Anze Kopitar             0  0  0   0  0   3  0  0  0  0  7/11   16:03   2:38   0:00 
Barclay Goodrow          0  1  1   2  0   1  1  1  0  0  7/14   19:19   1:20   0:00 
Calvin De Haan           0  0  0   0  0   1  3  1  0  0  0/0    19:59   1:20   2:07 
Colton Parayko           0  1  1   1  0   1  0  0  0  0  0/0    22:37   2:38   0:33 
Connor Brown             0  0  0   0  0   3  0  0  0  0  0/1    23:44   2:38   0:00 
Jamie Drysdale           0  0  0   1  0   0  1  4  0  0  0/0    19:04   0:00   2:58 
Johan Larsson            1  1  2   2  0   1  0  0  0  0  0/0    20:58   0:00   2:59 
Justin Holl              0  0  0   0  2   0  1  4  0  0  0/0    18:18   1:20   0:27 
Kasperi Kapanen          0  0  0   0  0   0  0  0  0  0  1/1     3:54   2:22   1:32 
Kevin Rooney             0  1  1   0  0   1  4  0  0  0  9/13   13:58   0:00   0:59 
Kyle Connor              0  0  0   0  0   2  1  1  0  0  0/2    16:03   2:38   0:00 
Nils Hoglander           1  0  1   0  0   1  1  0  0  0  0/1    15:18   1:20   0:59 
Patrik Nemeth            0  0  0   1  0   0  3  2  0  0  0/0    17:57   0:00   1:51 
Tyler Toffoli            1  1  2   2  0   2  0  0  0  0  0/0    17:59   0:00   0:00 
Victor Rask              0  1  1   0  0   1  0  0  0  0  0/0    12:59   0:00   0:00 

Players Stats for WINNIPEG BEAVERS

Player Name              G  A  P  +/- PIM S  H  SB GA TA FO     MP     PP MP  PK MP  
------------------------------------------------------------------------------------
Alexander Radulov        0  1  1   0  0   0  1  0  0  0  1/1    18:26   1:30   0:00 
Brad Marchand            1  0  1   0  0   6  2  0  0  0  0/1    19:24   2:28   0:00 
Brandon Tanev            0  0  0  -1  0   2  3  0  0  0  0/0    13:46   0:00   2:04 
Caleb Jones              0  0  0   0  2   0  0  1  0  0  0/0    17:13   0:00   1:11 
Carson Soucy             0  0  0  -1  0   0  0  0  0  0  0/0    19:23   0:22   1:59 
Chris Tanev              0  0  0  -1  0   0  0  1  0  0  0/0    21:29   1:21   1:24 
Ian Cole                 0  0  0   0  0   1  3  0  0  0  0/0    18:11   1:21   0:32 
Jack Roslovic            0  0  0  -1  0   1  0  0  0  0  2/5    16:17   1:30   0:00 
Joe Pavelski             0  1  1   0  0   4  0  0  0  0  4/12   19:44   2:28   0:20 
Joe Thornton             0  0  0  -1  0   2  0  0  0  0  4/13   13:36   0:00   1:54 
Jordan Staal             0  0  0  -1  0   2  2  1  0  0  9/17   19:19   2:28   2:04 
Ondrej Palat             0  0  0  -1  0   2  1  0  0  0  0/2    18:11   1:30   1:54 
Rasmus Ristolainen       0  0  0  -1  0   1  5  1  0  0  0/0    19:56   2:15   1:29 
Sam Lafferty             0  0  0   0  0   1  1  0  0  0  0/0     8:39   0:00   0:00 
Seth Griffith            0  0  0   0  0   1  0  0  0  0  4/8     8:39   0:00   0:00 
Steven Lorentz           0  0  0   0  0   0  0  0  0  0  0/1     8:39   0:00   0:00 
Tyler Ennis              0  0  0  -1  0   2  0  0  0  0  0/0    11:42   0:00   0:00 
Victor Hedman            0  0  0  -1  2   2  0  1  0  0  0/0    23:26   2:37   1:01 

3 Stars

1 - Johan Larsson (VIC)
2 - Tyler Toffoli (VIC)
3 - Charlie Lindgren (VIC)

Power Play

VICTORIA GLADIATORS - 0 on 2 Attempt(s) - 0,00%
WINNIPEG BEAVERS - 0 on 2 Attempt(s) - 0,00%

Penalty Kill

VICTORIA GLADIATORS - 2 on 2 Attempt(s) - 100,00% - Score 0 goal in Penalty Kill
WINNIPEG BEAVERS - 2 on 2 Attempt(s) - 100,00% - Score 0 goal in Penalty Kill

Team Stat

VICTORIA GLADIATORS - Hits : 15 - Faceoff Wins : 36 - Blocked Shots : 13 - Penalty Minutes : 4
WINNIPEG BEAVERS - Hits : 18 - Faceoff Wins : 24 - Blocked Shots : 5 - Penalty Minutes : 4

Official

Referees : Kendrick Nicholson and Brad Meier
Linesman : Scott Driscoll and Luke Murray

Game Notes

No Game Note

Finance

Level 1 -- Attendance: 6000 (100,00%) -- Ticket Income 936 000 $
Level 2 -- Attendance: 4835 (96,70%) -- Ticket Income 575 365 $
Level 3 -- Attendance: 1882 (94,10%) -- Ticket Income 178 790 $
Level 4 -- Attendance: 3976 (99,40%) -- Ticket Income 290 248 $
Luxury Box -- Attendance: 889 (88,90%) -- Ticket Income 297 815 $
Total Attendance: 17582 (97,68%)
Total Ticket Income: 2 278 218 $
Other Expense: 22 782 $
Total Income: 2 255 436 $

VICTORIA GLADIATORS

5 vs 5 Forward 
   Center                   Left Wing                Right Wing               Time % Phy DF OF 
 1 Anze Kopitar             Kyle Connor              Connor Brown             36     1   2  2  
 2 Barclay Goodrow          Johan Larsson            Tyler Toffoli            33     1   2  2  
 3 Adam Lowry               Alex Newhook             Connor Brown             24     0   4  1  
 4 Kevin Rooney             Victor Rask              Nils Hoglander           7      0   4  1  

5 vs 5 Defense 
   Defense                  Defense                                           Time % Phy DF OF 
 1 Colton Parayko           Anton Stralman                                    40     0   3  2  
 2 Justin Holl              Calvin De Haan                                    35     0   3  2  
 3 Patrik Nemeth            Jamie Drysdale                                    25     0   4  1  
 4 Patrik Nemeth            Calvin De Haan                                    0      0   4  1  

PowerPlay Forward 
   Center                   Left Wing                Right Wing               Time % Phy DF OF 
 1 Anze Kopitar             Kyle Connor              Kasperi Kapanen          60     1   0  4  
 2 Barclay Goodrow          Alex Newhook             Nils Hoglander           40     1   0  4  

PowerPlay Defense
   Defense                  Defense                                           Time % Phy DF OF 
 1 Colton Parayko           Connor Brown                                      60     0   1  4  
 2 Justin Holl              Calvin De Haan                                    40     0   1  4  

Penalty Kill 4 Players Forward 
   Center                   Wing                     Time % Phy DF OF 
 1 Adam Lowry               Johan Larsson            55     0   5  0  
 2 Kevin Rooney             Nils Hoglander           45     0   5  0  

Penalty Kill 4 Players Defense
   Defense                  Defense                  Time % Phy DF OF 
 1 Justin Holl              Calvin De Haan           55     0   4  1  
 2 Patrik Nemeth            Jamie Drysdale           45     0   4  1  

Penalty Kill - 3 Players Forward 
   Forward                                           Time % Phy DF OF 
 1 Adam Lowry                                        55     0   5  0  
 2 Johan Larsson                                     45     0   5  0  

Penalty Kill - 3 Players Defense
   Defense                  Defense                  Time % Phy DF OF 
 1 Patrik Nemeth            Jamie Drysdale           55     0   4  1  
 2 Colton Parayko           Anton Stralman           45     0   4  1  

4 vs 4 Forward 
   Center                   Wing                     Time % Phy DF OF 
 1 Anze Kopitar             Kyle Connor              52     1   2  2  
 2 Barclay Goodrow          Kasperi Kapanen          48     1   2  2  

4 vs 4 Defense
   Defense                  Defense                  Time % Phy DF OF 
 1 Patrik Nemeth            Jamie Drysdale           52     1   2  2  
 2 Colton Parayko           Anton Stralman           48     1   2  2  

Last Minutes Offensive
   Center                   Left Wing                Right Wing               Defense                  Defense                  
   Anze Kopitar             Kyle Connor              Connor Brown             Colton Parayko           Anton Stralman           

Last Minutes Defensive
   Center                   Left Wing                Right Wing               Defense                  Defense                  
   Adam Lowry               Johan Larsson            Nils Hoglander           Justin Holl              Calvin De Haan           

Goaltenders
Starting : Charlie Lindgren         
Backup : Mike Smith               

Extra Forwards
Normal : Connor Brown, Barclay Goodrow, Nils Hoglander - PP : Adam Lowry, Johan Larsson - PK : Kasperi Kapanen
Extra Defensemen
Normal : Calvin De Haan, Jamie Drysdale, Justin Holl - PP : Patrik Nemeth - PK : Jamie Drysdale, Justin Holl
Penalty Shots
Anze Kopitar, Kyle Connor, Tyler Toffoli, Connor Brown, Barclay Goodrow
Custom OT Lines Forwards
Anze Kopitar, Kyle Connor, Tyler Toffoli, Connor Brown, Barclay Goodrow, Johan Larsson, Adam Lowry, Kasperi Kapanen, Victor Rask, Nils Hoglander
Custom OT Lines Defensemen
Colton Parayko, Anton Stralman, Justin Holl, Calvin De Haan, Patrik Nemeth

Scratches
None

WINNIPEG BEAVERS

5 vs 5 Forward 
   Center                   Left Wing                Right Wing               Time % Phy DF OF 
 1 Joe Pavelski             Brad Marchand            Alexander Radulov        36     0   3  2  
 2 Jordan Staal             Ondrej Palat             Jack Roslovic            32     0   3  2  
 3 Joe Thornton             Tyler Ennis              Brandon Tanev            23     1   3  1  
 4 Seth Griffith            Steven Lorentz           Sam Lafferty             9      3   2  0  

5 vs 5 Defense 
   Defense                  Defense                                           Time % Phy DF OF 
 1 Victor Hedman            Carson Soucy                                      33     0   3  2  
 2 Chris Tanev              Rasmus Ristolainen                                32     0   3  2  
 3 Ian Cole                 Caleb Jones                                       28     1   3  1  
 4 Victor Hedman            Chris Tanev                                       7      1   2  2  

PowerPlay Forward 
   Center                   Left Wing                Right Wing               Time % Phy DF OF 
 1 Jordan Staal             Brad Marchand            Joe Pavelski             52     0   0  5  
 2 Jack Roslovic            Ondrej Palat             Alexander Radulov        48     1   2  2  

PowerPlay Defense
   Defense                  Defense                                           Time % Phy DF OF 
 1 Victor Hedman            Rasmus Ristolainen                                52     0   1  4  
 2 Chris Tanev              Ian Cole                                          48     1   2  2  

Penalty Kill 4 Players Forward 
   Center                   Wing                     Time % Phy DF OF 
 1 Jordan Staal             Brandon Tanev            52     0   4  1  
 2 Joe Thornton             Ondrej Palat             48     0   4  1  

Penalty Kill 4 Players Defense
   Defense                  Defense                  Time % Phy DF OF 
 1 Victor Hedman            Rasmus Ristolainen       50     1   3  1  
 2 Chris Tanev              Carson Soucy             50     1   3  1  

Penalty Kill - 3 Players Forward 
   Forward                                           Time % Phy DF OF 
 1 Jordan Staal                                      55     0   5  0  
 2 Joe Pavelski                                      45     0   5  0  

Penalty Kill - 3 Players Defense
   Defense                  Defense                  Time % Phy DF OF 
 1 Victor Hedman            Rasmus Ristolainen       50     1   4  0  
 2 Chris Tanev              Carson Soucy             50     1   4  0  

4 vs 4 Forward 
   Center                   Wing                     Time % Phy DF OF 
 1 Joe Pavelski             Alexander Radulov        50     1   2  2  
 2 Jordan Staal             Ondrej Palat             50     1   2  2  

4 vs 4 Defense
   Defense                  Defense                  Time % Phy DF OF 
 1 Victor Hedman            Rasmus Ristolainen       50     1   2  2  
 2 Chris Tanev              Ian Cole                 50     1   2  2  

Last Minutes Offensive
   Center                   Left Wing                Right Wing               Defense                  Defense                  
   Jordan Staal             Brad Marchand            Joe Pavelski             Victor Hedman            Chris Tanev              

Last Minutes Defensive
   Center                   Left Wing                Right Wing               Defense                  Defense                  
   Jordan Staal             Brad Marchand            Joe Pavelski             Victor Hedman            Chris Tanev              

Goaltenders
Starting : Anton Forsberg           
Backup : Braden Holtby            

Extra Forwards
Normal : Jordan Staal, Joe Pavelski, Brad Marchand - PP : Sam Lafferty, Joe Thornton - PK : Brandon Tanev
Extra Defensemen
Normal : Carson Soucy, Caleb Jones, Rasmus Ristolainen - PP : Carson Soucy - PK : Caleb Jones, Rasmus Ristolainen
Penalty Shots
Joe Pavelski, Brad Marchand, Jordan Staal, Ondrej Palat, Jack Roslovic
Custom OT Lines Forwards
Joe Pavelski, Ondrej Palat, Brad Marchand, Jordan Staal, Brandon Tanev, Alexander Radulov, Jack Roslovic, Joe Thornton, Sam Lafferty, Tyler Ennis
Custom OT Lines Defensemen
Victor Hedman, Chris Tanev, Rasmus Ristolainen, Ian Cole, Carson Soucy

Scratches
Sean Kuraly (Right Forearm Injury)

% Time on Ice - VICTORIA GLADIATORS

Lines # - Real PCT - Wanted PCT - Time Play
Normal Forward
1 - 26% - 36% - 13:25
2 - 35% - 33% - 17:59
3 - 15% - 24% - 7:41
4 - 25% - 7% - 12:59
Normal Defense
1 - 37% - 40% - 19:26
2 - 32% - 35% - 16:32
3 - 31% - 25% - 16:06
4 - 0% - 0% - 0:00
PP Forward
1 - 66% - 60% - 2:38
2 - 34% - 40% - 1:20
PP Defense
1 - 66% - 60% - 2:38
2 - 34% - 40% - 1:20
PK Forward
1 - 75% - 55% - 2:59
2 - 25% - 45% - 0:59
PK Defense
1 - 53% - 55% - 2:07
2 - 47% - 45% - 1:51
PK3 Forward
1 - 0% - 55%
2 - 0% - 45%
PK3 Defense
1 - 0% - 55%
2 - 0% - 45%
44 Forward
1 - 0% - 52%
2 - 0% - 48%
44 Defense
1 - 0% - 52%
2 - 0% - 48%
Last Minute Offensive  - 0:00
Last Minute Defensive  - 0:00
Total
Forward - 60:00
Defense - 60:00

% Time on Ice - WINNIPEG BEAVERS

Lines # - Real PCT - Wanted PCT - Time Play
Normal Forward
1 - 33% - 36% - 16:56
2 - 28% - 32% - 14:47
3 - 22% - 23% - 11:42
4 - 17% - 9% - 8:39
Normal Defense
1 - 33% - 33% - 17:17
2 - 31% - 32% - 16:12
3 - 31% - 28% - 16:03
4 - 5% - 7% - 2:32
PP Forward
1 - 62% - 52% - 2:28
2 - 38% - 48% - 1:30
PP Defense
1 - 66% - 52% - 2:37
2 - 34% - 48% - 1:21
PK Forward
1 - 52% - 52% - 2:04
2 - 48% - 48% - 1:54
PK Defense
1 - 76% - 50% - 3:00
2 - 24% - 50% - 0:58
PK3 Forward
1 - 0% - 55%
2 - 0% - 45%
PK3 Defense
1 - 0% - 50%
2 - 0% - 50%
44 Forward
1 - 0% - 50%
2 - 0% - 50%
44 Defense
1 - 0% - 50%
2 - 0% - 50%
Last Minute Offensive  - 0:00
Last Minute Defensive  - 0:00
Total
Forward - 60:00
Defense - 60:00

Play-by-Play

1st period


0:01 of 1st period - Anze Kopitar wins face-off versus Joe Pavelski in neutral zone.
0:06 of 1st period - Shot by Connor Brown.
0:06 of 1st period - Deflect By Kyle Connor.
0:06 of 1st period - Stopped by Anton Forsberg without a rebound.
0:07 of 1st period - Jordan Staal wins face-off versus Barclay Goodrow in WINNIPEG BEAVERS zone.
0:07 of 1st period - Jordan Staal is hit by Barclay Goodrow.
2:23 of 1st period - Shot by Brandon Tanev.
2:23 of 1st period - Stopped by Charlie Lindgren without a rebound.
2:24 of 1st period - Seth Griffith wins face-off versus Nils Hoglander in VICTORIA GLADIATORS zone.
2:24 of 1st period - Seth Griffith is hit by Jamie Drysdale.
2:42 of 1st period - Shot by Seth Griffith.
2:42 of 1st period - Shot Misses the Net.
2:44 of 1st period - Shot by Rasmus Ristolainen.
2:44 of 1st period - Stopped by Charlie Lindgren with a rebound.
2:46 of 1st period - Shot by Sam Lafferty.
2:46 of 1st period - Stopped by Charlie Lindgren without a rebound.
2:47 of 1st period - Barclay Goodrow wins face-off versus Jack Roslovic in VICTORIA GLADIATORS zone.
3:13 of 1st period - Ondrej Palat is hit by Calvin De Haan and loses puck.
3:20 of 1st period - Shot by Ondrej Palat.
3:20 of 1st period - Shot Blocked by Barclay Goodrow.
3:22 of 1st period - Shot by Jack Roslovic.
3:22 of 1st period - Shot Misses the Net.
3:24 of 1st period - Shot by Jack Roslovic.
3:24 of 1st period - Stopped by Charlie Lindgren without a rebound.
3:25 of 1st period - Kevin Rooney wins face-off versus Joe Pavelski in VICTORIA GLADIATORS zone.
3:42 of 1st period - Shot by Kevin Rooney.
3:42 of 1st period - Deflect By Victor Rask.
3:42 of 1st period - Shot Misses the Net.
3:46 of 1st period - Shot by Nils Hoglander.
3:46 of 1st period - Goal by Nils Hoglander - VICTORIA GLADIATORS : 1 - WINNIPEG BEAVERS : 0.
3:47 of 1st period - Adam Lowry wins face-off versus Joe Thornton in neutral zone.
3:56 of 1st period - Connor Brown is hit by Brandon Tanev and loses puck.
4:02 of 1st period - Icing by Colton Parayko.
4:03 of 1st period - Adam Lowry wins face-off versus Joe Pavelski in VICTORIA GLADIATORS zone.
4:05 of 1st period - Icing by Connor Brown.
4:06 of 1st period - Adam Lowry wins face-off versus Joe Pavelski in VICTORIA GLADIATORS zone.
4:06 of 1st period - Adam Lowry is hit by Brad Marchand.
4:32 of 1st period - Shot by Brad Marchand.
4:32 of 1st period - Deflect By Joe Pavelski.
4:32 of 1st period - Stopped by Charlie Lindgren without a rebound.
4:33 of 1st period - Barclay Goodrow wins face-off versus Joe Thornton in VICTORIA GLADIATORS zone.
5:41 of 1st period - Joe Thornton is hit by Kyle Connor and loses puck.
6:12 of 1st period - Shot by Ondrej Palat.
6:12 of 1st period - Shot Blocked by Justin Holl.
6:14 of 1st period - Shot by Carson Soucy.
6:14 of 1st period - Shot Blocked by Justin Holl.
6:50 of 1st period - Shot by Brad Marchand.
6:50 of 1st period - Stopped by Charlie Lindgren with a rebound.
6:59 of 1st period - Shot by Joe Pavelski.
6:59 of 1st period - Shot Misses the Net.
8:19 of 1st period - Shot by Johan Larsson.
8:19 of 1st period - Deflect By Tyler Toffoli.
8:19 of 1st period - Goal by Tyler Toffoli - VICTORIA GLADIATORS : 2 - WINNIPEG BEAVERS : 0.
8:20 of 1st period - Kevin Rooney wins face-off versus Jordan Staal in neutral zone.
8:31 of 1st period - Shot by Kevin Rooney.
8:31 of 1st period - Shot Blocked by Jordan Staal.
10:03 of 1st period - Barclay Goodrow is hit by Rasmus Ristolainen and loses puck.
10:21 of 1st period - Off-side.
10:22 of 1st period - Adam Lowry wins face-off versus Joe Thornton in neutral zone.
11:30 of 1st period - Alex Newhook is hit by Rasmus Ristolainen and loses puck.
13:19 of 1st period - Off-side.
13:20 of 1st period - Kevin Rooney wins face-off versus Joe Thornton in neutral zone.
13:25 of 1st period - Shot by Victor Rask.
13:25 of 1st period - Stopped by Anton Forsberg without a rebound.
13:26 of 1st period - Kevin Rooney wins face-off versus Steven Lorentz in WINNIPEG BEAVERS zone.
13:44 of 1st period - Victor Rask is hit by Rasmus Ristolainen and loses puck.
14:06 of 1st period - Chris Tanev is hit by Nils Hoglander and loses puck.
14:24 of 1st period - Minor Penalty to Adam Lowry for Interference.
14:25 of 1st period - Kasperi Kapanen wins face-off versus Jordan Staal in VICTORIA GLADIATORS zone.
14:54 of 1st period - Shot by Joe Pavelski.
14:54 of 1st period - Shot Misses the Net.
14:56 of 1st period - Shot by Jordan Staal.
14:56 of 1st period - Shot Misses the Net.
14:58 of 1st period - Shot by Rasmus Ristolainen.
14:58 of 1st period - Shot Misses the Net.
15:00 of 1st period - Shot by Jordan Staal.
15:00 of 1st period - Stopped by Charlie Lindgren with a rebound.
15:02 of 1st period - Shot by Joe Pavelski.
15:02 of 1st period - Shot Blocked by Patrik Nemeth.
15:04 of 1st period - Shot by Brad Marchand.
15:04 of 1st period - Stopped by Charlie Lindgren with a rebound.
15:18 of 1st period - Shot by Jack Roslovic.
15:18 of 1st period - Shot Misses the Net.
15:34 of 1st period - Shot by Ondrej Palat.
15:34 of 1st period - Shot Misses the Net.
16:12 of 1st period - Shot by Brad Marchand.
16:12 of 1st period - Stopped by Charlie Lindgren without a rebound.
16:13 of 1st period - Kevin Rooney wins face-off versus Jack Roslovic in VICTORIA GLADIATORS zone.
16:28 of 1st period - Shot by Brandon Tanev.
16:28 of 1st period - Shot Hit the Post.
16:45 of 1st period - Shot by Joe Thornton.
16:45 of 1st period - Shot Misses the Net.
16:47 of 1st period - Shot by Ian Cole.
16:47 of 1st period - Shot Misses the Net.
16:57 of 1st period - Shot by Tyler Ennis.
16:57 of 1st period - Stopped by Charlie Lindgren with a rebound.
17:06 of 1st period - Icing by Anze Kopitar.
17:07 of 1st period - Anze Kopitar wins face-off versus Seth Griffith in VICTORIA GLADIATORS zone.
17:12 of 1st period - Shot by Kyle Connor.
17:12 of 1st period - Shot Misses the Net.
17:36 of 1st period - Shot by Seth Griffith.
17:36 of 1st period - Stopped by Charlie Lindgren with a rebound.
17:55 of 1st period - Icing by Anze Kopitar.
17:56 of 1st period - Joe Pavelski wins face-off versus Connor Brown in VICTORIA GLADIATORS zone.
18:00 of 1st period - Icing by Anton Stralman.
18:01 of 1st period - Joe Pavelski wins face-off versus Anze Kopitar in VICTORIA GLADIATORS zone.
18:30 of 1st period - Justin Holl is hit by Alexander Radulov.
18:43 of 1st period - Shot by Justin Holl.
18:43 of 1st period - Shot Misses the Net.
18:59 of 1st period - Shot by Kevin Rooney.
18:59 of 1st period - Shot Blocked by Rasmus Ristolainen.
19:17 of 1st period - Icing by Barclay Goodrow.
19:18 of 1st period - Jordan Staal wins face-off versus Barclay Goodrow in VICTORIA GLADIATORS zone.
19:18 of 1st period - Jordan Staal is hit by Patrik Nemeth.
19:35 of 1st period - Shot by Johan Larsson.
19:35 of 1st period - Shot Misses the Net.
19:37 of 1st period - Shot by Tyler Toffoli.
19:37 of 1st period - Shot Misses the Net.
19:59 of 1st period - Shot by Ondrej Palat.
19:59 of 1st period - Deflect By Jordan Staal.
19:59 of 1st period - Shot Misses the Net.
Goals for this period are 2 for VICTORIA GLADIATORS vs 0 for WINNIPEG BEAVERS.
Shots for this period are 4 for VICTORIA GLADIATORS vs 11 for WINNIPEG BEAVERS.

2nd period


0:01 of 2nd period - Adam Lowry wins face-off versus Jordan Staal in neutral zone.
0:28 of 2nd period - Colton Parayko is hit by Ondrej Palat and loses puck.
0:37 of 2nd period - Shot by Jack Roslovic.
0:37 of 2nd period - Shot Misses the Net.
1:23 of 2nd period - Shot by Joe Pavelski.
1:23 of 2nd period - Stopped by Charlie Lindgren without a rebound.
1:24 of 2nd period - Barclay Goodrow wins face-off versus Joe Thornton in VICTORIA GLADIATORS zone.
2:21 of 2nd period - Shot by Seth Griffith.
2:21 of 2nd period - Shot Blocked by Jamie Drysdale.
2:28 of 2nd period - Kevin Rooney is hit by Rasmus Ristolainen and loses puck.
2:34 of 2nd period - Victor Rask is hit by Rasmus Ristolainen and loses puck.
3:30 of 2nd period - Shot by Joe Pavelski.
3:30 of 2nd period - Stopped by Charlie Lindgren without a rebound.
3:31 of 2nd period - Jordan Staal wins face-off versus Barclay Goodrow in VICTORIA GLADIATORS zone.
3:47 of 2nd period - Off-side.
3:48 of 2nd period - Joe Thornton wins face-off versus Kyle Connor in neutral zone.
3:52 of 2nd period - Icing by Connor Brown.
3:53 of 2nd period - Jordan Staal wins face-off versus Kyle Connor in VICTORIA GLADIATORS zone.
3:59 of 2nd period - Icing by Colton Parayko.
4:00 of 2nd period - Jordan Staal wins face-off versus Anze Kopitar in VICTORIA GLADIATORS zone.
4:22 of 2nd period - Shot by Connor Brown.
4:22 of 2nd period - Stopped by Anton Forsberg with a rebound.
5:16 of 2nd period - Shot by Brad Marchand.
5:16 of 2nd period - Shot Blocked by Calvin De Haan.
5:42 of 2nd period - Shot by Joe Pavelski.
5:42 of 2nd period - Shot Blocked by Justin Holl.
6:46 of 2nd period - Joe Pavelski is hit by Patrik Nemeth and loses puck.
7:00 of 2nd period - Joe Thornton is hit by Patrik Nemeth and loses puck.
7:11 of 2nd period - Shot by Tyler Ennis.
7:11 of 2nd period - Shot Blocked by Jamie Drysdale.
7:13 of 2nd period - Shot by Ian Cole.
7:13 of 2nd period - Stopped by Charlie Lindgren without a rebound.
7:14 of 2nd period - Adam Lowry wins face-off versus Ondrej Palat in VICTORIA GLADIATORS zone.
7:29 of 2nd period - Minor Penalty to Victor Hedman for Cross-checking.
7:30 of 2nd period - Jordan Staal wins face-off versus Anze Kopitar in WINNIPEG BEAVERS zone.
9:41 of 2nd period - Shot by Barclay Goodrow.
9:41 of 2nd period - Shot Misses the Net.
9:43 of 2nd period - Shot by Tyler Toffoli.
9:43 of 2nd period - Stopped by Anton Forsberg without a rebound.
9:44 of 2nd period - Seth Griffith wins face-off versus Barclay Goodrow in WINNIPEG BEAVERS zone.
11:09 of 2nd period - Shot by Adam Lowry.
11:09 of 2nd period - Deflect By Connor Brown.
11:09 of 2nd period - Stopped by Anton Forsberg without a rebound.
11:10 of 2nd period - Kevin Rooney wins face-off versus Jordan Staal in WINNIPEG BEAVERS zone.
11:22 of 2nd period - Shot by Ondrej Palat.
11:22 of 2nd period - Shot Misses the Net.
11:32 of 2nd period - Rasmus Ristolainen is hit by Kevin Rooney and loses puck.
11:57 of 2nd period - Icing by Anton Stralman.
11:58 of 2nd period - Kevin Rooney wins face-off versus Joe Thornton in VICTORIA GLADIATORS zone.
11:58 of 2nd period - Nils Hoglander is hit by Brandon Tanev and loses puck.
12:13 of 2nd period - Shot by Joe Thornton.
12:13 of 2nd period - Stopped by Charlie Lindgren without a rebound.
12:14 of 2nd period - Joe Pavelski wins face-off versus Anze Kopitar in VICTORIA GLADIATORS zone.
12:41 of 2nd period - Off-side.
12:42 of 2nd period - Barclay Goodrow wins face-off versus Joe Thornton in neutral zone.
13:08 of 2nd period - Shot by Tyler Toffoli.
13:08 of 2nd period - Shot Blocked by Victor Hedman.
13:10 of 2nd period - Shot by Barclay Goodrow.
13:10 of 2nd period - Shot Misses the Net.
13:12 of 2nd period - Shot by Johan Larsson.
13:12 of 2nd period - The goal is going for a video replay.
13:12 of 2nd period - The goal is good.
13:12 of 2nd period - Goal by Johan Larsson - VICTORIA GLADIATORS : 3 - WINNIPEG BEAVERS : 0.
13:13 of 2nd period - Anze Kopitar wins face-off versus Jordan Staal in neutral zone.
13:34 of 2nd period - Shot by Anze Kopitar.
13:34 of 2nd period - Stopped by Anton Forsberg without a rebound.
13:35 of 2nd period - Barclay Goodrow wins face-off versus Brad Marchand in WINNIPEG BEAVERS zone.
13:35 of 2nd period - Johan Larsson is hit by Ian Cole and loses puck.
13:36 of 2nd period - Minor Penalty to Caleb Jones for Charging.
13:37 of 2nd period - Anze Kopitar wins face-off versus Jordan Staal in WINNIPEG BEAVERS zone.
15:02 of 2nd period - Shot by Brandon Tanev.
15:02 of 2nd period - Shot Misses the Net.
15:12 of 2nd period - Shot by Nils Hoglander.
15:12 of 2nd period - Shot Blocked by Chris Tanev.
15:14 of 2nd period - Shot by Calvin De Haan.
15:14 of 2nd period - Stopped by Anton Forsberg without a rebound.
15:15 of 2nd period - Anze Kopitar wins face-off versus Joe Thornton in WINNIPEG BEAVERS zone.
15:48 of 2nd period - Shot by Johan Larsson.
15:48 of 2nd period - Shot Misses the Net.
15:50 of 2nd period - Shot by Barclay Goodrow.
15:50 of 2nd period - Stopped by Anton Forsberg without a rebound.
15:51 of 2nd period - Seth Griffith wins face-off versus Kevin Rooney in WINNIPEG BEAVERS zone.
15:51 of 2nd period - Seth Griffith is hit by Kevin Rooney.
16:10 of 2nd period - Icing by Justin Holl.
16:11 of 2nd period - Jordan Staal wins face-off versus Kevin Rooney in VICTORIA GLADIATORS zone.
16:38 of 2nd period - Jack Roslovic is hit by Kevin Rooney and loses puck.
18:06 of 2nd period - Shot by Joe Pavelski.
18:06 of 2nd period - Shot Misses the Net.
18:35 of 2nd period - Icing by Ian Cole.
18:36 of 2nd period - Joe Thornton wins face-off versus Adam Lowry in WINNIPEG BEAVERS zone.
18:43 of 2nd period - Shot by Brandon Tanev.
18:43 of 2nd period - Stopped by Charlie Lindgren without a rebound.
18:43 of 2nd period - Minor Penalty to Justin Holl for Interference.
18:44 of 2nd period - Jordan Staal wins face-off versus Kevin Rooney in VICTORIA GLADIATORS zone.
18:54 of 2nd period - Off-side.
18:55 of 2nd period - Adam Lowry wins face-off versus Jack Roslovic in neutral zone.
19:16 of 2nd period - Shot by Victor Hedman.
19:16 of 2nd period - Shot Misses the Net.
19:18 of 2nd period - Shot by Victor Hedman.
19:18 of 2nd period - Stopped by Charlie Lindgren without a rebound.
19:19 of 2nd period - Adam Lowry wins face-off versus Jordan Staal in VICTORIA GLADIATORS zone.
19:34 of 2nd period - Shot by Adam Lowry.
19:34 of 2nd period - Shot Misses the Net.
19:46 of 2nd period - Shot by Kevin Rooney.
19:46 of 2nd period - Stopped by Anton Forsberg without a rebound.
19:47 of 2nd period - Jack Roslovic wins face-off versus Adam Lowry in WINNIPEG BEAVERS zone.
19:49 of 2nd period - Icing by Victor Hedman.
19:50 of 2nd period - Jack Roslovic wins face-off versus Adam Lowry in WINNIPEG BEAVERS zone.
Goals for this period are 1 for VICTORIA GLADIATORS vs 0 for WINNIPEG BEAVERS.
Shots for this period are 8 for VICTORIA GLADIATORS vs 6 for WINNIPEG BEAVERS.

3rd period


0:01 of 3rd period - Jordan Staal wins face-off versus Adam Lowry in neutral zone.
2:38 of 3rd period - Shot by Jack Roslovic.
2:38 of 3rd period - Shot Blocked by Justin Holl.
2:58 of 3rd period - Shot by Jordan Staal.
2:58 of 3rd period - Shot Misses the Net.
3:17 of 3rd period - Alexander Radulov is hit by Kevin Rooney and loses puck.
3:36 of 3rd period - Shot by Joe Pavelski.
3:36 of 3rd period - Stopped by Charlie Lindgren with a rebound.
4:40 of 3rd period - Shot by Anze Kopitar.
4:40 of 3rd period - Shot Misses the Net.
4:42 of 3rd period - Shot by Anze Kopitar.
4:42 of 3rd period - Stopped by Anton Forsberg with a rebound.
4:52 of 3rd period - Shot by Kyle Connor.
4:52 of 3rd period - Shot Misses the Net.
4:54 of 3rd period - Shot by Kyle Connor.
4:54 of 3rd period - Stopped by Anton Forsberg without a rebound.
4:55 of 3rd period - Adam Lowry wins face-off versus Seth Griffith in WINNIPEG BEAVERS zone.
5:14 of 3rd period - Shot by Alex Newhook.
5:14 of 3rd period - Shot Misses the Net.
5:16 of 3rd period - Shot by Connor Brown.
5:16 of 3rd period - Stopped by Anton Forsberg without a rebound.
5:17 of 3rd period - Barclay Goodrow wins face-off versus Joe Pavelski in WINNIPEG BEAVERS zone.
5:17 of 3rd period - Tyler Toffoli is hit by Ian Cole and loses puck.
5:52 of 3rd period - Shot by Tyler Toffoli.
5:52 of 3rd period - Shot Misses the Net.
6:07 of 3rd period - Icing by Caleb Jones.
6:08 of 3rd period - Anze Kopitar wins face-off versus Joe Pavelski in WINNIPEG BEAVERS zone.
6:12 of 3rd period - Connor Brown is hit by Ian Cole and loses puck.
7:05 of 3rd period - Shot by Jordan Staal.
7:05 of 3rd period - Shot Misses the Net.
7:07 of 3rd period - Shot by Jordan Staal.
7:07 of 3rd period - Shot Blocked by Kyle Connor.
7:09 of 3rd period - Shot by Ondrej Palat.
7:09 of 3rd period - Shot Blocked by Jamie Drysdale.
7:35 of 3rd period - Shot by Joe Thornton.
7:35 of 3rd period - Stopped by Charlie Lindgren without a rebound.
7:36 of 3rd period - Seth Griffith wins face-off versus Barclay Goodrow in VICTORIA GLADIATORS zone.
7:45 of 3rd period - Shot by Steven Lorentz.
7:45 of 3rd period - Shot Misses the Net.
7:52 of 3rd period - Seth Griffith is hit by Calvin De Haan and loses puck.
7:58 of 3rd period - Icing by Calvin De Haan.
7:59 of 3rd period - Joe Thornton wins face-off versus Barclay Goodrow in VICTORIA GLADIATORS zone.
8:00 of 3rd period - Shot by Tyler Ennis.
8:00 of 3rd period - Shot Misses the Net.
8:04 of 3rd period - Shot by Tyler Ennis.
8:04 of 3rd period - Stopped by Charlie Lindgren with a rebound.
8:27 of 3rd period - Shot by Joe Thornton.
8:27 of 3rd period - Shot Misses the Net.
8:29 of 3rd period - Shot by Ian Cole.
8:29 of 3rd period - Shot Misses the Net.
8:59 of 3rd period - Shot by Jordan Staal.
8:59 of 3rd period - Stopped by Charlie Lindgren without a rebound.
9:00 of 3rd period - Joe Pavelski wins face-off versus Kevin Rooney in VICTORIA GLADIATORS zone.
9:08 of 3rd period - Icing by Anton Stralman.
9:09 of 3rd period - Kevin Rooney wins face-off versus Jordan Staal in VICTORIA GLADIATORS zone.
9:09 of 3rd period - Kevin Rooney is hit by Jordan Staal.
9:57 of 3rd period - Off-side.
9:58 of 3rd period - Alexander Radulov wins face-off versus Adam Lowry in neutral zone.
10:00 of 3rd period - Off-side.
10:01 of 3rd period - Adam Lowry wins face-off versus Joe Pavelski in neutral zone.
10:06 of 3rd period - Shot by Brad Marchand.
10:06 of 3rd period - Shot Blocked by Jamie Drysdale.
10:44 of 3rd period - Shot by Brad Marchand.
10:44 of 3rd period - Stopped by Charlie Lindgren without a rebound.
10:45 of 3rd period - Barclay Goodrow wins face-off versus Joe Thornton in VICTORIA GLADIATORS zone.
10:45 of 3rd period - Barclay Goodrow is hit by Brandon Tanev.
11:01 of 3rd period - Shot by Barclay Goodrow.
11:01 of 3rd period - Deflect By Tyler Toffoli.
11:01 of 3rd period - Shot Blocked by Caleb Jones.
12:38 of 3rd period - Shot by Ondrej Palat.
12:38 of 3rd period - Stopped by Charlie Lindgren without a rebound.
12:39 of 3rd period - Kevin Rooney wins face-off versus Joe Pavelski in VICTORIA GLADIATORS zone.
12:50 of 3rd period - Shot by Brad Marchand.
12:50 of 3rd period - Shot Misses the Net.
13:39 of 3rd period - Colton Parayko is hit by Sam Lafferty and loses puck.
13:56 of 3rd period - Shot by Steven Lorentz.
13:56 of 3rd period - Shot Misses the Net.
16:18 of 3rd period - Shot by Brad Marchand.
16:18 of 3rd period - Stopped by Charlie Lindgren with a rebound.
16:20 of 3rd period - Shot by Alexander Radulov.
16:20 of 3rd period - Shot Misses the Net.
16:22 of 3rd period - Shot by Alexander Radulov.
16:22 of 3rd period - Shot Misses the Net.
16:24 of 3rd period - Shot by Brad Marchand.
16:24 of 3rd period - Goal by Brad Marchand - VICTORIA GLADIATORS : 3 - WINNIPEG BEAVERS : 1.
16:25 of 3rd period - Adam Lowry wins face-off versus Seth Griffith in neutral zone.
16:38 of 3rd period - Shot by Ian Cole.
16:38 of 3rd period - Deflect By Seth Griffith.
16:38 of 3rd period - Shot Misses the Net.
17:02 of 3rd period - Shot by Colton Parayko.
17:02 of 3rd period - Stopped by Anton Forsberg with a rebound.
17:23 of 3rd period - Brad Marchand is hit by Justin Holl.
17:44 of 3rd period - Brad Marchand is hit by Calvin De Haan and loses puck.
18:21 of 3rd period - Colton Parayko is hit by Brad Marchand and loses puck.
18:25 of 3rd period - Icing by Colton Parayko.
18:26 of 3rd period - Anze Kopitar wins face-off versus Ondrej Palat in VICTORIA GLADIATORS zone.
18:26 of 3rd period - Anze Kopitar is hit by Jordan Staal.
18:44 of 3rd period - Shot by Anze Kopitar.
18:44 of 3rd period - Stopped by Anton Forsberg without a rebound.
18:45 of 3rd period - Joe Thornton wins face-off versus Barclay Goodrow in WINNIPEG BEAVERS zone.
18:57 of 3rd period - Shot by Brandon Tanev.
18:57 of 3rd period - Deflect By Tyler Ennis.
18:57 of 3rd period - Shot Misses the Net.
18:59 of 3rd period - Shot by Victor Hedman.
18:59 of 3rd period - Shot Blocked by Patrik Nemeth.
19:01 of 3rd period - Shot by Victor Hedman.
19:01 of 3rd period - Stopped by Charlie Lindgren with a rebound.
19:48 of 3rd period - Shot by Ondrej Palat.
19:48 of 3rd period - Stopped by Charlie Lindgren without a rebound.
19:49 of 3rd period - Adam Lowry wins face-off versus Seth Griffith in VICTORIA GLADIATORS zone.
19:56 of 3rd period - Shot by Connor Brown.
19:56 of 3rd period - Shot Misses the Net.
19:58 of 3rd period - Shot by Adam Lowry.
19:58 of 3rd period - Stopped by Anton Forsberg with a rebound.
Goals for this period are 0 for VICTORIA GLADIATORS vs 1 for WINNIPEG BEAVERS.
Shots for this period are 6 for VICTORIA GLADIATORS vs 10 for WINNIPEG BEAVERS.


SEBASTIAN
AHO
MARK
SCHEIFELE
JAKE
OETTINGER

EAST COAST

HOCKEY LEAGUE

  • 17.QUE3CHI2
  • 18.CHA2LIM4
  • 19.TRV3LON2
  • 20.CHW1BAL2
  • 21.PITMAN
  • 22.ATLNHW
  • 23.WORPET
  • 24.RHI